 Dungeon Crawl Stone Soup version 0.25-a0-474-ga8a2ee3166 (webtiles) character file.

Game seed: 8390212244761118976, levelgen mode: deterministic

181 Lugonue the Firebug (level 5, -2/40 HPs)
             Began as a Hill Orc Fire Elementalist on Feb 6, 2020.
             Killed from afar by an orc wizard (10 damage)
             ... with a magic dart
             ... on level 4 of the Dungeon.
             The game lasted 00:05:36 (2462 turns).

Lugonue the Firebug (Hill Orc Fire Elementalist)    Turns: 2462, Time: 00:05:36

Health: -2/40      AC:  2    Str: 12    XL:     5   Next: 61%
Magic:  6/8        EV: 12    Int: 15    God:
Gold:   184        SH:  0    Dex: 11    Spells: 7/8 levels left

rFire    . . .     SeeInvis .   m - +0 hand axe
rCold    . . .     Gourm    .   (no shield)
rNeg     . . .     Faith    .   a - +0 robe
rPois    .         Spirit   .   (no helmet)
rElec    .         Reflect  .   (no cloak)
rCorr    .         Harm     .   (no gloves)
MR       .....                  (no boots)
Stlth    ++........             (no amulet)
HPRegen  0.13/turn              (no ring)
MPRegen  0.11/turn              (no ring)

@: lethally poisoned (-2 -> -14)
A: no striking features
a: no special abilities


You were on level 4 of the Dungeon.
You were not hungry.

You visited 1 branch of the dungeon, and saw 4 of its levels.

You collected 184 gold pieces.

Inventory:

Hand Weapons
 m - a +0 hand axe (weapon)
Armour
 a - a +0 robe (worn)
Wands
 l - a wand of scattershot (5)
Scrolls
 b - a scroll of remove curse
 e - 2 scrolls of identify
 j - 3 scrolls of fog
Comestibles
 c - 5 rations


   Skills:
 + Level 1.2 Fighting
 * Level 2.3 Axes
 + Level 0.2 Throwing
 + Level 2.0 Dodging
 + Level 1.9 Stealth
 + Level 2.1 Spellcasting
 + Level 1.5 Conjurations
 * Level 5.0 Fire Magic


You had 7 spell levels left.
You knew the following spells:

 Your Spells              Type           Power        Failure   Level  Hunger
a - Foxfire               Conj/Fire      ##..         6%          1    #......

Your spell library contained the following spells:

 Spells                   Type           Power        Failure   Level  Hunger
 Conjure Flame            Conj/Fire      ##......     17%         3    ###....
 Inner Flame              Hex/Fire       #.......     24%         3    ###....
 Sticky Flame             Conj/Fire      ##......     50%         4    #####..
 Fireball                 Conj/Fire      ##........   85%         5    ######.


Dungeon Overview and Level Annotations

Branches:
Dungeon (4/15)
 Temple: D:4-7

Altars:

Annotations:
D:4 Sigmund


Message History

* * * LOW HITPOINT WARNING * * *
You feel sick.
You aren't carrying any potions.
You aren't carrying any potions.
Okay, then.
Unknown command.
* * * LOW HITPOINT WARNING * * *
You feel sick.
Something unseen opens the large door.
* * * LOW HITPOINT WARNING * * *
You feel sick.
Saving game... please wait.
Level annotation: Sigmund Welcome back, Lugonue the Hill Orc Fire Elementalist.
Press ? for a list of commands and other information.
* * * LOW HITPOINT WARNING * * *
You feel sick.
A magic dart appears from out of thin air!
Deactivating autopickup; reactivate with Ctrl-A.
The magic dart hits you!
You die...

#.....§..#.##.....#
#..(...§.#........##
#..?(....#.#.......#
##''## #..........
#....###..........
#.##...$...>......
#.##.###.#.......#
#.##.###.#......#
####@##.......#...## #.
.##............###.##
#. #..................#
#..#.#.#####(.###.###.#
#..#.#.# #[.# #.#
#......#####).## # #.#
#..............##.# #.#
#...#####.......# #.###
#.........#.##.# #...#


There were no monsters in sight!

Vanquished Creatures
  A hound (D:4)
  2 iguanas (D:4)
  A worker ant (D:4)
  3 adders
  A dart slug (D:2)
  2 leopard geckos
  9 orcs
  2 giant cockroaches
  5 goblins
  3 hobgoblins
  5 kobolds
  A quokka (D:4)
  3 bats
  4 frilled lizards
  2 rats
44 creatures vanquished.

Vanquished Creatures (others)
  87 foxfires
87 creatures vanquished.

Grand Total: 131 creatures vanquished

Notes
Turn   | Place    | Note
-------+----------+-------------------------------------------
     0 | D:1      | Lugonue the Hill Orc Fire Elementalist began the quest for
                  | the Orb.
     0 | D:1      | Reached XP level 1. HP: 14/14 MP: 3/3
   202 | D:1      | Reached XP level 2. HP: 20/20 MP: 2/4
   435 | D:2      | Reached skill level 4 in Fire Magic
   435 | D:2      | Reached XP level 3. HP: 10/26 MP: 0/5
   824 | D:2      | You fall into a shaft and drop 1 floor!
  1478 | D:3      | Reached skill level 1 in Axes
  1478 | D:3      | Reached XP level 4. HP: 17/34 MP: 2/6
  1920 | D:4      | Reached XP level 5. HP: 14/39 MP: 0/8
  1931 | D:4      | Noticed Sigmund
  2251 | D:4      | Reached skill level 1 in Fighting
  2456 | D:4      | Reached skill level 5 in Fire Magic
  2462 | D:4      | Killed from afar by an orc wizard

Levels and vault maps discovered:
D:1:      grunt_arrival_lava_bath, layout_basic, nemelex_altar_shiori
D:2:      layout_basic, serial_forest, infiniplex_forest_straight_2,
          infiniplex_forest_lined_corner, infiniplex_forest_lined_2,
          infiniplex_forest_clump_C, infiniplex_forest_lined_corner,
          infiniplex_forest_end_2, infiniplex_forest_end_3, uniq_natasha
D:3:      layout_basic, first_ration
D:4:      layout_loops_ring, kennysheep_generic_room_7, uniq_sigmund

Skill      XL: |  1  2  3  4  5 |
---------------+----------------+-----
Fire Magic     | 4 5 |  5.0
Axes           | 1 2 |  2.3
Spellcasting   | 2 |  2.1
Fighting       | 1 |  1.2
Dodging        | 2 |  2.0
Throwing       | |  0.2
Stealth        | |  1.9
Conjurations   | |  1.5

Action                   |  1- 3 |  4- 6 || total
-------------------------+-------+-------++-------
Melee: Unarmed           |    22 |       ||    22
       Hand axe          |    27 |    25 ||    52
Throw: Dart              |       |     6 ||     6
 Cast: Foxfire           |    35 |    23 ||    58
Evoke: Wand              |     1 |       ||     1
  Use: Potion            |     7 |       ||     7
       Scroll            |       |     4 ||     4
  Eat: Chunk             |     2 |     4 ||     6
Armor: Robe              |    13 |     4 ||    17
Dodge: Dodged            |    49 |    20 ||    69

Table legend:
 A = Non-vault XP
 B = Vault XP
 C = Vault XP percentage of total XP
 D = Non-vault monster count
 E = Vault monster count
 F = Vault count percentage of total count
                 A         B        C        D         E       F
            +---------+---------+-------+---------+---------+-------
      Total |     227 |      32 |  12.4 |      43 |       1 |   2.3
            +---------+---------+-------+---------+---------+-------
        D:1 |      15 |       0 |   0.0 |      10 |       0 |   0.0
        D:2 |      20 |       0 |   0.0 |       3 |       0 |   0.0
        D:3 |      60 |       0 |   0.0 |      19 |       0 |   0.0
        D:4 |     132 |      32 |  19.5 |      11 |       1 |   8.3
            +---------+---------+-------+---------+---------+-------
